 Dungeon Crawl Stone Soup version 0.21.1-1-g345015f (webtiles) character file.

365 lotte the Chiller (level 6, -12/32 HPs)
             Began as a Deep Elf Ice Elementalist on July 3, 2018.
             Killed by divine providence
             ... invoked by an orc priest
              (16 damage)
             ... on level 3 of the Dungeon.
             The game lasted 00:18:02 (4217 turns).

lotte the Chiller (Deep Elf Ice Elementalist)       Turns: 4217, Time: 00:18:02

Health: -12/32     AC:  3    Str:  5    XL:     6   Next: 40%
Magic:  3/14       EV: 13    Int: 22    God:
Gold:   97         SH:  0    Dex: 15    Spells: 8/13 levels left

rFire    . . .     SeeInvis .   n - +0 hand axe (elec)
rCold    . . .     Gourm    +   (no shield)
rNeg     . . .     Faith    .   a - +0 robe
rPois    .         Spirit   .   (no helmet)
rElec    .         Reflect  .   (no cloak)
rCorr    .         Harm     .   p - +0 pair of gloves
MR       .....                  (no boots)
Stlth    ++........             e - amulet of the gourmand
HPRegen  0.10/turn              (no ring)
MPRegen  0.14/turn              (no ring)

@: very slightly contaminated
A: no striking features
a: no special abilities


You were on level 3 of the Dungeon.
You were not hungry.

You visited 1 branch of the dungeon, and saw 3 of its levels.

You collected 97 gold pieces.

Inventory:

Hand Weapons
 n - a +0 hand axe of electrocution (weapon)
Armour
 a - a +0 robe (worn)
 p - a +0 pair of gloves (worn)
Jewellery
 e - an amulet of the gourmand (around neck)
Wands
 u - a wand of polymorph (12)
Scrolls
 d - 2 scrolls of magic mapping {unknown}
 g - a scroll of remove curse {unknown}
 h - 2 scrolls of identify {unknown}
 k - a scroll of fear {unknown}
 m - 2 scrolls of blinking {unknown}
 q - a scroll of enchant weapon {unknown}
 r - a scroll of immolation {unknown}
 t - a scroll of amnesia {unknown}
Potions
 f - 2 potions of cancellation {unknown}
 i - a potion of degeneration {unknown}
 j - a potion of magic
 l - a potion of heal wounds {unknown}
 o - a potion of agility {unknown}
 s - a potion of curing {unknown}
Books
 b - a book of Frost

   Spells                             Type                      Level
   a - Freeze                         Ice                          1
   b - Throw Frost                    Conjuration/Ice              2
   c - Ozocubu's Armour               Charms/Ice                   3
   d - Throw Icicle                   Conjuration/Ice              4
   e - Summon Ice Beast               Ice/Summoning                4
Comestibles
 c - 4 rations


   Skills:
 - Level 3.2 Dodging
 - Level 2.5 Stealth
 - Level 4.2 Spellcasting
 * Level 4.1 Conjurations
 * Level 5.9 Ice Magic


You had 8 spell levels left.
You knew the following spells:

 Your Spells              Type           Power        Failure   Level  Hunger
a - Freeze                Ice            ####         1%          1    None
b - Throw Icicle          Conj/Ice       ####....     14%         4    ####...


Dungeon Overview and Level Annotations

Branches:
Dungeon (3/15)

Altars:
Zin


Message History

Press: ? - help, Shift-Dir - straight line, f/p - orc priest
Aim: an orc priest, wielding a dagger The shard of ice hits the orc priest.
The orc priest is almost dead.
Casting: Throw Icicle
Confirm with . or Enter, or press ? or * to list all spells.
You don't have enough magic to cast that spell.
The orc priest calls down the wrath of Beogh upon you.
Beogh smites you!
A giant cockroach comes into view.
The orc priest invokes the aid of Beogh against you.
Pain shoots through your body!
The orc priest looks satisfied for a moment.
The orc priest calls down the wrath of Beogh upon you.
Beogh smites you!
* * * LOW HITPOINT WARNING * * *
The orc priest invokes the aid of Beogh against you.
Beogh smites you!
Ouch! That really hurt!
You die...

#.# #.. ###.#### ..#
#......# ..# ## #.#.##.#
.o##... # ##.#.##.#
##.s..... # #....##.#
##...## # #..####.#
##Kg...## #
#.(#.##.###.......#
#######.....#.##@........#
...............'.........'.
#######.#...####.........##
# #.##.## ##.......## #
#.#### ##.....## # #.#
##...## # #.# #+## #.# .#


You could see an orc priest, a giant cockroach, a goblin and a kobold.

Vanquished Creatures
  The ghost of Rwicked the Charmwright, an amateur GnSk of Nemelex Xobeh (D:3)
  2 orc priests (D:3)
  Jessica (D:3)
  Robin (D:3)
  3 gnolls
  6 adders
  An ooze (D:3)
  A dart slug (D:2)
  2 leopard geckos (D:1)
  9 orcs (D:3)
  5 ball pythons
  3 giant cockroaches
  11 goblins
  9 hobgoblins
  7 jackals
  6 kobolds
  A quokka (D:2)
  9 bats
  A frilled lizard (D:2)
  6 rats
85 creatures vanquished.

Notes
Turn   | Place    | Note
-------+----------+-------------------------------------------
     0 | D:1      | lotte the Deep Elf Ice Elementalist began the quest for the Orb.
     0 | D:1      | Reached XP level 1. HP: 10/10 MP: 6/6
   146 | D:1      | Reached XP level 2. HP: 15/15 MP: 5/8
   804 | D:2      | Reached XP level 3. HP: 15/19 MP: 1/10
   919 | D:2      | Reached skill level 4 in Ice Magic
  1489 | D:2      | Found a glowing silver altar of Zin.
  1574 | D:2      | Reached XP level 4. HP: 24/24 MP: 9/12
  1580 | D:2      | Learned a level 4 spell: Throw Icicle
  2181 | D:3      | HP: 1/24 [orc priest/divine providence (13)]
  2186 | D:3      | Reached XP level 5. HP: 2/28 MP: 8/13
  2190 | D:3      | Reached skill level 5 in Ice Magic
  2331 | D:3      | Noticed Robin
  2780 | D:3      | Noticed Jessica
  2783 | D:3      | Killed Jessica
  3210 | D:3      | Killed Robin
  3590 | D:3      | Reached XP level 6. HP: 32/32 MP: 1/14
  3635 | D:3      | Noticed Rwicked's ghost (amateur GnSk)
  3852 | D:3      | Killed Rwicked's ghost
  4217 | D:3      | Killed from afar by an orc priest

Skill      XL: |  1  2  3  4  5  6 |
---------------+-------------------+-----
Ice Magic      | 4 5 |  5.9
Dodging        | 3 |  3.2
Spellcasting   | 4 |  4.2
Conjurations   | 2 3 4 |  4.1
Stealth        | |  2.5

Action                   |  1- 3 |  4- 6 || total
-------------------------+-------+-------++-------
Melee: Unarmed           |     1 |       ||     1
       Hand axe          |       |     3 ||     3
 Cast: Freeze            |    61 |    48 ||   109
       Throw Icicle      |       |    34 ||    34
  Use: Potion            |       |     1 ||     1
  Eat: Chunk             |    11 |     7 ||    18
Armor: Robe              |     7 |     5 ||    12
Dodge: Dodged            |    42 |    23 ||    65
